 Dungeon Crawl Stone Soup version 0.30-a0-223-gcb0039aa0c (webtiles) character file.

Game seed: 585359550821525320

1344 Sobieck the Ruffian (level 7, -2/63 HPs)
             Began as a Ghoul Fighter on Oct 9, 2022.
             Was a Follower of Ru.
             Slain by a fire elemental (9 damage)
             ... summoned by a deep elf pyromancer
             ... on level 6 of the Dungeon.
             The game lasted 00:10:07 (4610 turns).

Sobieck the Ruffian (Ghoul Fighter)                 Turns: 4610, Time: 00:10:07

Health: -2/63      AC: 11    Str: 20    XL:     7   Next: 62%
Magic:  6/6        EV:  9    Int:  5    God:    Ru [*.....]
Gold:   240        SH:  4    Dex:  8    Spells: 6/6 levels left

rFire   . . .      SeeInvis .      - Unarmed
rCold   + . .      Faith    +    b - +0 buckler
rNeg    + + +      Spirit   .    a - +0 scale mail
rPois   ∞          Reflect  .    (no helmet)
rElec   .          Harm     .    (no cloak)
rCorr   .          Rampage  .    (no gloves)
Will    .....                    (no boots)
Stlth   ..........               S - amulet of faith {!P}
HPRegen 0.00/turn                I - +4 ring of protection
MPRegen 0.10/turn                (no ring)

@: mighty, inhibited regen
A: claws 1, cold resistance 1, negative energy resistance 3, inhibited
regeneration, torment resistance 2, inexperienced 1, devour on kill
a: Renounce Religion


You were on level 6 of the Dungeon.
You worshipped Ru.
Ru was aware of your devotion.
You visited 1 branch of the dungeon, and saw 6 of its levels.

You collected 240 gold pieces.


Innate Abilities, Weirdness & Mutations

You are immune to poison.
You have sharp fingernails.
Your flesh is cold resistant. (rC+)
You are immune to negative energy. (rN+++)
You do not regenerate when monsters are visible.
You are immune to unholy pain and torment.
You are somewhat inexperienced. (-1 XL)
You thrive by killing the living.


   Skills:
 + Level 6.0 Fighting
 + Level 3.8 Throwing
 - Level 5.0 Armour
 - Level 2.6 Shields
 * Level 7.4 Unarmed Combat


You had 6 spell levels left.
You didn't know any spells.
Your spell library contained the following spells:

 Spells                   Type           Power      Damage    Failure   Level
 Sandblast                Erth           0%         2d4       88%         1
 Cigotuvi's Dreadful Rot  Necr/Pois/Air  0%         N/A       96%         2
 Passwall                 Tmut/Erth      0%         N/A       96%         2
 Poisonous Vapours        Pois/Air       0%         N/A       96%         2
 Ignite Poison            Fire/Tmut/Pois 0%         N/A       99%         3
 Inner Flame              Hex/Fire       0%         N/A       99%         3
 Kindle Blastsparks       Fire/Tloc/Air  0%         2d10      99%         3
 Mephitic Cloud           Conj/Pois/Air  0%         N/A       99%         3
 Stone Arrow              Conj/Erth      0%         3d7       99%         3
 Vhi's Electric Charge    Tloc/Air       0%         N/A       99%         3
 Flame Wave               Conj/Fire      0%         2d4       100%        4
 Sticky Flame             Conj/Fire      0%         2d3       100%        4
 Arcjolt                  Conj/Air       0%         1d10      100%        5
 Freezing Cloud           Conj/Ice/Air   0%         6-21      100%        5
 Maxwell's Capacitive Co  Air            0%         ∞         100%        8
 Chain Lightning          Conj/Air       0%         N/A       100%        9
 Fire Storm               Conj/Fire      0%         5d1       100%        9
 Shatter                  Erth           0%         3d5*      100%        9

Inventory:

Hand Weapons
 d - a +0 whip of chaos {mace}
   (You found it on level 1 of the Dungeon)
 h - a +0 dagger {short}
   (You took it off a goblin on level 1 of the Dungeon)
 i - a +0 club {mace}
   (You found it on level 1 of the Dungeon)
 j - a +0 dagger {short}
   (You took it off a goblin on level 1 of the Dungeon)
 q - a +0 club {mace}
   (You took it off a goblin on level 1 of the Dungeon)
 t - a +0 club {mace}
   (You found it on level 1 of the Dungeon)
 v - a +0 hand axe {axe}
   (You found it on level 1 of the Dungeon)
Missiles
 p - 30 stones {throwing}
 x - 9 poisoned darts {throwing}
 A - 2 boomerangs (quivered) {throwing}
 W - 3 curare-tipped darts {=fthrowing}
Armour
 a - a +0 scale mail (worn)
 b - a +0 buckler (worn)
 f - the +0 pair of gloves of the Nine Quests {*Corrode *Slow rN+++ Str+9}
   (You found it on level 6 of the Dungeon)

   Str:       It affects your strength (+9).
   rN:        It renders you almost immune to negative energy.
   *Corrode:  It may corrode you when you take damage.
   *Slow:     It may slow you when you take damage.
 k - a +0 robe
   (You found it on level 1 of the Dungeon)
 l - a +0 leather armour
   (You found it on level 1 of the Dungeon)
 m - a +0 leather armour
   (You found it on level 1 of the Dungeon)
 o - a +0 scale mail
   (You found it on level 1 of the Dungeon)
 w - a +0 robe
   (You found it on level 1 of the Dungeon)
 z - a +0 robe
   (You found it on level 1 of the Dungeon)
 B - a +0 chain mail
   (You found it on level 4 of the Dungeon)
 G - a +0 leather armour
   (You found it on level 3 of the Dungeon)
 H - a +0 robe
   (You found it on level 4 of the Dungeon)
 K - a +0 leather armour
   (You took it off an orc on level 4 of the Dungeon)
 L - a +0 leather armour
   (You took it off an orc on level 4 of the Dungeon)
 N - a +0 robe
   (You took it off Pikel on level 4 of the Dungeon)
 O - a +0 leather armour
   (You found it on level 3 of the Dungeon)
 X - a +0 leather armour
   (You found it on level 5 of the Dungeon)
 Y - a +0 leather armour
   (You found it on level 6 of the Dungeon)
 Z - a +0 leather armour
   (You found it on level 6 of the Dungeon)
Jewellery
 I - a +4 ring of protection (left claw)
   (You found it on level 3 of the Dungeon)
 M - an amulet of regeneration {@e2}
   (You found it on level 3 of the Dungeon)
 P - a ring of ice
   (You found it on level 4 of the Dungeon)
 S - an amulet of faith (around neck) {!P}
   (You found it on level 5 of the Dungeon)
Wands
 R - a wand of roots (9)
   (You found it on level 5 of the Dungeon)
 V - a wand of flame (11)
   (You found it on level 5 of the Dungeon)
Scrolls
 n - 2 scrolls of butterflies
 r - a scroll of enchant armour {unknown}
 y - 2 scrolls of poison
 C - a scroll of blinking {!r}
 E - 2 scrolls of teleportation {@r4}
 Q - a scroll of vulnerability {!r!r}
 U - a scroll of amnesia {unknown}
Potions
 c - 2 potions of might
 e - 3 potions of lignification
 g - 3 potions of haste {unknown}
 s - 2 potions of brilliance {unknown}
 u - 4 potions of curing {@q1}
 D - 3 potions of mutation
 F - 3 potions of heal wounds {unknown}
 J - 2 potions of degeneration {unknown}
 T - a potion of ambrosia {unknown}

Dungeon Overview and Level Annotations

Branches:
Dungeon (6/15) Zot: 26516  Temple (0/1) D:4

Altars:
Ru

Annotations:
D:3 2 runed translucent doors, KennySheep's ghost, amateur AtFi
D:6 1 runed translucent door, ytrimaz's ghost, novice FoFi

..###...## .....# <# #
####.### ## # #.)....##..
##### # #.##.#.... ....
####.##.#..######## #.
...#.##....#..'E@[+ #.
........#..#..°.eE+ ####.
...#.#.....#..'...+..#.# #....
####.......#..#+++#..#.# #.##.
## #.......#..#...#..#.# #.##.
.#
####.##.#..#...#..#.##.###.##.
## #.##.#..#...#..#...........
# #.##.#..#...#..#.######....
##+##.#..#...#..#.# #####


You could see a deep elf pyromancer and 2 fire elementals.


Message History

The centaur hits you but does no damage.
The centaur kicks you but does no damage.
You scratch the centaur.
The centaur hits you but does no damage.
The centaur kicks you but does no damage.
You scratch the centaur but do no damage.
The centaur hits you but does no damage.
The centaur kicks you but does no damage.
You redirect the centaur's attack!
The centaur hits itself.
The centaur kicks itself but does no damage.
You claw the centaur!
The centaur hits you but does no damage.
The centaur kicks you but does no damage.
You scratch the centaur.
The centaur hits you but does no damage.
The centaur completely misses you.
You claw the centaur!
You kill the centaur!
Training target 5.0 for Armour reached!
Your Armour skill increases to level 5!
Things that are here:
a +0 shortbow {bow}; a centaur corpse An iguana comes into view.
The iguana hisses angrily.
Danger!
You throw a boomerang {throwing}.
The boomerang {throwing} hits the iguana.
You throw a boomerang {throwing}.
The boomerang {throwing} barely misses the iguana.
You scratch the iguana but do no damage.
The iguana barely misses you.
You scratch the iguana. The iguana closely misses you.
You claw the iguana! The iguana barely misses you.
You claw the iguana!
You kill the iguana!
Your Fighting skill increases to level 6!
No target in view!
Your pack is full.
You see here the +0 pair of gloves of the Nine Quests {*Corrode *Slow rN+++ Str+9}.
Unknown command.
Unknown command.
You drop a +0 club {mace}.
f - the +0 pair of gloves of the Nine Quests {*Corrode *Slow rN+++ Str+9}
Okay, then.
Unknown command.
Found a stone staircase leading up.
Unknown command.
x - 9 poisoned darts {throwing} (gained 6) Unknown command.
You open the gate.
A deep elf pyromancer comes into view. It is wielding a +0 long sword.
The deep elf pyromancer shouts!
The deep elf pyromancer points at you and mumbles some strange words.
The sticky flame hits you.
You are covered in liquid flames!
Danger!
Unknown command.
You throw a boomerang {throwing}.
The boomerang {throwing} hits the deep elf pyromancer.
You are covered in liquid flames!
Unknown command.
You are covered in liquid flames!
You are no longer on fire.
The deep elf pyromancer casts a spell.
The deep elf pyromancer blinks!
There is an open gate here.
Unknown command.
The deep elf pyromancer casts a spell.
The deep elf pyromancer blinks!
Unknown command.
You scratch the deep elf pyromancer.
The deep elf pyromancer mumbles some strange words.
The deep elf pyromancer blinks!
Unknown command.
You closely miss the deep elf pyromancer.
The deep elf pyromancer hits you with a +0 long sword!
You scratch the deep elf pyromancer.
The deep elf pyromancer hits you but does no damage.
You scratch the deep elf pyromancer but do no damage.
The deep elf pyromancer gestures wildly while chanting.
Unknown command.
You barely miss the deep elf pyromancer.
The fire elemental completely misses you.
The deep elf pyromancer completely misses you.
You feel very mighty all of a sudden. The fire elemental hits you.
The fire elemental burns you! The fire elemental hits you.
The fire elemental burns you!
* * * LOW HITPOINT WARNING * * *
The deep elf pyromancer closely misses you.
Unknown command.
You claw the deep elf pyromancer!
The fire elemental is stunned by your conviction and fails to attack.
The fire elemental hits you. The fire elemental burns you!
* * * LOW HITPOINT WARNING * * *
You scratch the deep elf pyromancer. The fire elemental hits you.
The fire elemental burns you!
* * * LOW HITPOINT WARNING * * *
The fire elemental hits you. The fire elemental burns you!
You die...

Skill      XL: |  1  2  3  4  5  6  7  8 |
---------------+-------------------------+-----
Unarmed Combat | 3 4 6 7 |  7.4
Armour         | 3 4 5 |  5.0
Fighting       | 4 5 6 |  6.0
Throwing       | 1 3 |  3.8
Shields        | |  2.6

Action                   |  1- 3 |  4- 6 |  7- 9 || total
-------------------------+-------+-------+-------++-------
Melee: Unarmed           |   128 |   124 |    79 ||   331
Throw: Boomerang         |    21 |    32 |    21 ||    74
Invok: Sacrifice Experie |       |       |     1 ||     1
  Use: Scroll            |       |    14 |       ||    14
       Potion            |       |     1 |     1 ||     2
Armor: Scale mail        |    86 |    42 |    40 ||   168
Dodge: Dodged            |    69 |    48 |    29 ||   146
Block: Buckler           |    27 |    13 |     6 ||    46

Levels and vault maps discovered:
D:1:      saegor_arrival_simple_c, layout_basic, minmay_misc_feat_four_crosses
D:2:      layout_loops_ring, minmay_worlds_worst_comb
D:3:      layout_loops_ring, mainiacjoe_overflow_24_doors,
          ebering_ghost_sewer_f, serial_rivers, chequers_serial_rivers_marsh,
          chequers_serial_rivers_room_b, chequers_serial_rivers_large_a,
          chequers_serial_rivers_small_a, chequers_serial_rivers_micro_a,
          chequers_serial_rivers_micro_e, nicolae_ecumenical_pavilion
D:4:      layout_layer_cave, minmay_temple_entry_gardened_gates, minivault_24
D:5:      layout_basic, uniq_pikel
D:6:      layout_loops_corners, hellmonk_ghost_happy_afterlife,
          guppyfry_early_elven_hall, uniq_maggie

Notes
Turn   | Place    | Note
-------+----------+-------------------------------------------
     0 | D:1      | Sobieck the Ghoul Fighter began the quest for the Orb.
     0 | D:1      | Reached XP level 1. HP: 19/19 MP: 0/0
   162 | D:1      | You pick up a book of Geomancy and begin reading...
   162 | D:1      | You add the spells Sandblast, Passwall and Stone Arrow to
                  | your library.
   355 | D:1      | Reached XP level 2. HP: 19/26 MP: 1/1
   413 | D:1      | You pick up a book of Vapours and begin reading...
   413 | D:1      | You add the spells Poisonous Vapours, Cigotuvi's Dreadful
                  | Rot and Mephitic Cloud to your library.
   423 | D:1      | You add the spells Kindle Blastsparks, Ignite Poison and
                  | Freezing Cloud to your library.
   877 | D:2      | Reached skill level 3 in Unarmed Combat
   898 | D:2      | Reached XP level 3. HP: 31/31 MP: 2/2
   910 | D:2      | Reached skill level 3 in Armour
   981 | D:2      | You pick up a book of Annihilations and begin reading...
   981 | D:2      | You add the spells Chain Lightning, Fire Storm and Shatter
                  | to your library.
  1419 | D:3      | Found a faded altar of an unknown god.
  1641 | D:3      | Found a runed translucent door.
  1646 | D:3      | Noticed KennySheep's ghost (amateur AtFi)
  1673 | D:3      | Found a runed translucent door.
  1805 | D:3      | Found a sacrificial altar of Ru.
  1814 | D:3      | Became a worshipper of Ru the Awakened
  1830 | D:3      | Reached XP level 4. HP: 40/40 MP: 3/3
  1936 | D:3      | Noticed a scorpion
  1956 | D:3      | Killed a scorpion
  1957 | D:3      | Reached skill level 4 in Fighting
  1957 | D:3      | Reached skill level 1 in Throwing
  1957 | D:3      | Reached skill level 4 in Unarmed Combat
  1957 | D:3      | Reached XP level 5. HP: 38/46 MP: 4/4
  2167 | D:3      | You pick up a book of Flames and begin reading...
  2167 | D:3      | You add the spells Inner Flame, Sticky Flame and Flame Wave
                  | to your library.
  2954 | D:4      | Reached XP level 6. HP: 35/53 MP: 5/5
  3125 | D:4      | You add the spells Vhi's Electric Charge, Arcjolt and
                  | Maxwell's Capacitive Coupling to your library.
  3166 | D:4      | Reached skill level 2 in Throwing
  3209 | D:4      | Reached skill level 5 in Unarmed Combat
  3228 | D:4      | Found a staircase to the Ecumenical Temple.
  3506 | D:5      | Entered Level 5 of the Dungeon
  3531 | D:5      | Noticed Pikel
  3563 | D:4      | Killed Pikel
  3564 | D:4      | Reached skill level 5 in Fighting
  3564 | D:4      | Reached skill level 3 in Throwing
  3564 | D:4      | Reached skill level 4 in Armour
  3564 | D:4      | Reached skill level 6 in Unarmed Combat
  3564 | D:4      | Reached XP level 7. HP: 26/61 MP: 6/6
  3564 | D:4      | Reached XP level 8. HP: 29/68 MP: 7/7
  3718 | D:5      | Reached skill level 7 in Unarmed Combat
  3718 | D:5      | Gained mutation: You are somewhat inexperienced. (-1 XL)
                  | [Ru sacrifice]
  3718 | D:5      | Reached XP level 7. HP: 62/62 MP: 6/6
  3718 | D:5      | Reached * piety under Ru
  4164 | D:6      | Found a runed translucent door.
  4166 | D:6      | Noticed ytrimaz's ghost (novice FoFi)
  4524 | D:6      | Reached skill level 5 in Armour
  4545 | D:6      | Reached skill level 6 in Fighting
  4566 | D:6      | Identified the +0 pair of gloves of the Nine Quests
                  | {*Corrode *Slow rN+++ Str+9}
  4598 | D:6      | Noticed a deep elf pyromancer
  4610 | D:6      | HP: 7/63 [fire elemental[a deep elf pyromancer] (10)]
  4610 | D:6      | Slain by a fire elemental

Vanquished Creatures
  Pikel (D:4)
  An ice beast (D:5)
  A centaur (D:6)
  A phantom (D:5)
  A lemure (D:4)
  A necrophage (D:4)
  4 scorpions
  A howler monkey (D:6)
  A hound (D:6)
  4 iguanas
  4 gnolls (D:6)
  2 adders
  A shadow imp (D:5)
  A white imp (D:4)
  2 worms
  9 orcs
  An endoplasm (D:4)
  9 giant cockroaches
  11 goblins
  8 hobgoblins
  10 jackals
  2 quokkas
  4 ball pythons
  8 bats
  3 frilled lizards (D:2)
  2 kobolds
  2 rats
95 creatures vanquished.

Vanquished Creatures (others)
  4 plants (D:4)
4 creatures vanquished.

Grand Total: 99 creatures vanquished

Table legend:
 A = Non-vault XP
 B = Vault XP
 C = Vault XP percentage of total XP
 D = Non-vault monster count
 E = Vault monster count
 F = Vault count percentage of total count
                 A         B        C        D         E       F
            +---------+---------+-------+---------+---------+-------
      Total |    1248 |     673 |  35.0 |      88 |       6 |   6.4
            +---------+---------+-------+---------+---------+-------
        D:1 |      22 |       0 |   0.0 |      13 |       0 |   0.0
        D:2 |      32 |      10 |  23.8 |      13 |       5 |  27.8
        D:3 |     115 |       0 |   0.0 |      18 |       0 |   0.0
        D:4 |     390 |     663 |  63.0 |      26 |       1 |   3.7
        D:5 |     375 |       0 |   0.0 |       6 |       0 |   0.0
        D:6 |     314 |       0 |   0.0 |      12 |       0 |   0.0
            +---------+---------+-------+---------+---------+-------

Illustrated notes

Table legend:
 A = Kills in this place as a percentage of kills in entire the game.
 B = Kills by you in this place as a percentage of kills by you in the entire game.
 C = Kills by friends in this place as a percentage of kills by friends in the entire game.
 D = Other kills in this place as a percentage of other kills in the entire game.
 E = Experience gained in this place as a percentage of experience gained in the entire game.
 F = Experience gained in this place divided by the number of levels of this place that you have seen.
                   A       B       C       D       E      F
               +-------+-------+-------+-------+-------+----------------------
         Total | 100.0 | 100.0 |   N/A |   N/A | 100.0 | 320.2
       Dungeon | 100.0 | 100.0 |   N/A |   N/A | 100.0 | 320.2
               +-------+-------+-------+-------+-------+----------------------

Table legend: (Time is in decaauts)
 A = Elapsed time spent in this place.
 B = Non-inter-level travel time spent in this place.
 C = Inter-level travel time spent in this place.
 D = Time resting spent in this place.
 E = Time spent auto-exploring this place.
 F = Levels seen in this place.
 G = Mean time per level.
                   A        B        C        D        E       F      G
               +--------+--------+--------+--------+--------+-----+--------+
         Total |   4634 |   4507 |    127 |    102 |   3627 |   6 |  772.3 |
       Dungeon |   4634 |   4507 |    127 |    102 |   3627 |   6 |  772.3 |
               +--------+--------+--------+--------+--------+-----+--------+

Top non-repeatable levels by time:
     D:4: 1112 daAuts
     D:3: 1056 daAuts
     D:2: 772 daAuts
     D:1: 648 daAuts
     D:5: 561 daAuts
     D:6: 482 daAuts
